 Dungeon Crawl Stone Soup version bcrawl-1.37.1 (webtiles) character file.

Game seed: 1316357287783971606

243937 Mehrunes the Geomancer (level 11, -1/75 HPs)
             Began as a Human Earth Elementalist on Oct 23, 2022.
             Was an Elder of Vehumet.
             Hit by a javelin thrown by Urug (19 damage)
             ... on level 1 of the Lair of Beasts.
             The game lasted 00:39:51 (12258 turns).

Mehrunes the Geomancer (Human Earth Elementalist)  Turns: 12258, Time: 00:39:52

Health: -1/75      AC:  8    Str: 11    XL:     11   Next: 19%
Magic:  3/21       EV: 16    Int: 17    God:    Vehumet [****..]
Gold:   473        SH:  0    Dex: 13    Spells: 2/23 levels left

rFire    . . .     GDR:     25% k - +2 dagger (venom)
rCold    . . .     SeeInvis .   (no shield)
rNeg     . . .     Gourm    .   T - +2 animal skin
rPois    .         Faith    .   Q - +0 helmet
rElec    .         Spirit   .   M - +1 cloak
rCorr    .         Reflect  .   (no gloves)
MR       +....                  E - +0 pair of boots
Stlth    ++........             m - amulet of the acrobat
HPRegen  0.22/turn              L - ring of protection from magic
MPRegen  0.17/turn              q - ring of wizardry

@: lethally poisoned (-1 -> -6)
A: no striking features
a: Renounce Religion


You were on level 1 of the Lair of Beasts.
You worshipped Vehumet.
Vehumet was greatly pleased with you.
You were very hungry.

You visited 2 branches of the dungeon, and saw 10 of its levels.
You also visited: Ossuary.

You collected 473 gold pieces.

Inventory:

Hand Weapons
 a - a +1 flail of protection
 k - a +2 dagger of venom (weapon)
Missiles
 b - 1045 stones
 J - 170 poisoned tomahawks (quivered)
 P - 2 throwing nets {=f}
Armour
 c - a +0 robe
 E - a +0 pair of boots (worn)
 M - a +1 cloak (worn)
 Q - a +0 helmet (worn)
 T - a +2 animal skin (worn)
Jewellery
 m - an amulet of the acrobat (around neck)
 p - a +3 ring of strength
 q - a ring of wizardry (right hand)
 w - the ring "Cikhluec" {Dex+2 Stlth--}
   (You found it on level 3 of the Dungeon)

   [ring of attention]

   It affects your dexterity (+2).
   It makes you much less stealthy.
 G - an uncursed ring of positive energy
 L - a ring of protection from magic (left hand)
 R - an uncursed amulet of magic regeneration {unknown}
 S - an uncursed ring of attention
Wands
 t - a wand of random effects (6)
 O - a wand of disintegration (20)
 U - a wand of flame (23)
Scrolls
 i - a scroll of identify
 r - a scroll of enchant armour
 s - a scroll of magic mapping
 u - 3 scrolls of remove curse
 v - a scroll of blinking
 y - a scroll of enchant weapon
 B - a scroll of amnesia
 I - a scroll of fear
 K - a scroll of immolation
Potions
 d - 4 potions of curing
 g - 4 potions of brilliance
 h - a potion of invisibility {unknown}
 j - 2 potions of lignification
 l - 5 potions of might
 n - a potion of agility {unknown}
 o - a potion of ambrosia {unknown}
 x - 3 potions of mutation {unknown}
 z - 3 potions of resistance {unknown}
 A - 2 potions of haste {unknown}
 C - 3 potions of heal wounds
 D - 2 potions of degeneration {unknown}
 F - a potion of cancellation {unknown}
 H - a potion of magic {unknown}
 N - a potion of flight {unknown}
Comestibles
 e - 21 rations {!d}


   Skills:
 - Level 3.0 Fighting
 + Level 7.6 Dodging
 - Level 2.4 Stealth
 - Level 1.1 Unarmed Combat
 + Level 6.9 Spellcasting
 - Level 9.0 Conjurations
   Level 1.1 Transmutations
 - Level 11.0 Earth Magic


You had 2 spell levels left.
You knew the following spells:

 Your Spells              Type           Power        Failure   Level  Hunger
a - Sandblast             Erth           #####.       1%          1    None
b - Stone Arrow           Conj/Erth      #####.       1%          3    None
c - Lee's Rapid Deconstr  Erth           #####.....   1%          5    #####..
d - Flame Tongue          Conj/Fire      ###..        1%          1    None
e - Mephitic Cloud        Conj/Pois/Air  ###.....     1%          3    None
f - Fulminant Prism       Conj/Hex       ###.......   2%          4    ####...
g - Blink                 Tloc           N/A          8%          2    None
h - Searing Ray           Conj           #####...     1%          2    None

Your spell library contained the following spells:

 Spells                   Type           Power        Failure   Level  Hunger
 Yara's Violent Unravell  Hex/Tmut       #.........   10%         4    ####...
 Magic Dart               Conj           ####         1%          1    None
 Passwall                 Tmut/Erth      ####....     1%          2    None
 Beastly Appendage        Tmut           #.....       3%          1    None
 Sticks to Snakes         Tmut           #.......     4%          2    None
 Call Imp                 Summ           #.....       8%          2    None
 Conjure Flame            Conj/Fire      ###.....     1%          3    None
 Iskenderun's Mystic Bla  Conj           #####...     1%          3    None
 Petrify                  Tmut/Erth      ####......   4%          4    ####...
 Irradiate                Conj/Tmut      ###.......   4%          5    #####..
 Spider Form              Tmut/Pois      #..          12%         3    None
 Ice Form                 Ice/Tmut       #.......     34%         4    ####...
 Blade Hands              Tmut           #.........   61%         5    #####..


Dungeon Overview and Level Annotations

Branches:
Dungeon (9/12)             Temple (0/1) D:7            Lair (1/6) D:7
    Orc (0/1) D:9

Altars:
Elyvilon
Ru
Vehumet

Shops:
D:5 =   D:6 [

Annotations:
D:4 2 transporters, yrara's ghost, amateur DsFi
Lair:1 Urug


Message History

The stone arrow hits the cane toad!
The cane toad is almost dead.
You feel sick. The cane toad closely misses you.
Casting: Stone Arrow (safe; 1% risk of failure)
Confirm with . or Enter, or press ? or * to list all spells.
Aiming: Stone Arrow (safe; 1% risk of failure)
Press: ? - help, Shift-Dir - straight line, f/p - cane toad
Aim: a cane toad (almost dead)
The stone arrow hits the cane toad.
The cane toad is almost dead.
You feel sick. The cane toad hits you!!
Casting: Stone Arrow (safe; 1% risk of failure)
Confirm with . or Enter, or press ? or * to list all spells.
Aiming: Stone Arrow (safe; 1% risk of failure)
Press: ? - help, Shift-Dir - straight line, f/p - cane toad
Aim: a cane toad (almost dead)
The stone arrow misses the cane toad.
You feel sick. The cane toad hits you!
* * * LOW HITPOINT WARNING * * *
The cane toad closely misses you.
Urug throws a javelin.
The javelin hits you!!
You die...

.........### ##..#
........[#.#####.#.####
.......................
..........#.###..#..###
........o#### ####.##
.........# #.###
.........# #..P#
######+.## #..## #.F@##
##.## #.### ####..## #
≈≈♣....... ≈≈≈≈≈≈♣♣o..
≈≈≈≈≈≈≈≈)≈. ≈≈≈≈≈≈≈≈≈≈≈
.≈≈≈≈P ≈≈P≈≈≈≈≈≈≈≈
.♣≈≈. P♣≈≈≈≈≈≈≈≈≈≈ ...÷
..≈≈.≈o≈P♣♣≈.


You could see Urug and a cane toad.

Vanquished Creatures
  Erica (Lair:1)
  Prince Ribbit (D:5)
  A hippogriff (D:8)
  Grum (D:8)
  4 yaks
  A vampire mosquito (D:8)
  2 basilisks
  2 hungry ghosts
  Menkaure (D:6)
  An orc warrior (D:9)
  Duvessa (D:7)
  2 sky beasts
  A necrophage (D:8)
  4 ogres
  3 phantoms
  2 wolves
  A kobold brigand (D:4)
  3 bullfrogs
  2 gnoll sergeants
  A water moccasin zombie (Ossuary)
  Dowan (D:7)
  4 centaurs
  A scorpion (D:8)
  6 killer bees (D:8)
  8 wights
  An electric eel (Lair:1)
  3 howler monkeys
  5 orc priests
  2 crimson imps
  A bullfrog zombie (D:5)
  2 hounds (D:5)
  Crazy Yiuf (D:7)
  3 orc wizards
  A bullfrog skeleton (D:5)
  Jessica (D:3)
  A gnoll shaman (D:9)
  An iguana (D:8)
  5 worker ants
  A hound zombie (D:7)
  A hound skeleton (D:6)
  2 worker ant zombies
  2 mummies (Ossuary)
  11 gnolls
  6 adders
  A howler monkey skeleton (D:9)
  2 shadow imps
  2 oozes (D:3)
  7 adder zombies
  3 adder skeletons (D:5)
  5 worms
  4 dart slugs
  8 leopard geckos
  26 orcs
  11 bats
  3 giant cockroaches
  7 gnoll zombies (Ossuary)
  5 goblins
  11 hobgoblins
  17 jackals
  6 quokkas
  8 frilled lizards
  6 hobgoblin zombies (Ossuary)
  A jackal zombie (D:7)
  14 kobolds
  5 kobold zombies (Ossuary)
  6 orc zombies (Ossuary)
  5 rats
  A fulminant prism (D:9)
  A fungus (D:7)
270 creatures vanquished.

Vanquished Creatures (others)
  A fulminant prism (D:9)
  2 plants
3 creatures vanquished.

Grand Total: 273 creatures vanquished

Notes
Turn   | Place    | Note
-------+----------+-------------------------------------------
     0 | D:1      | Mehrunes the Human Earth Elementalist began the quest for
                  | the Orb.
     0 | D:1      | Reached XP level 1. HP: 13/13 MP: 3/3
   102 | D:1      | Reached XP level 2. HP: 18/19 MP: 0/5
   345 | D:1      | Reached XP level 3. HP: 24/24 MP: 1/6
   524 | D:1      | Reached skill level 4 in Earth Magic
   634 | D:1      | Learned a level 3 spell: Stone Arrow
   985 | D:2      | Reached XP level 4. HP: 30/30 MP: 2/8
  1074 | D:2      | Reached skill level 1 in Conjurations
  1849 | D:2      | Found a radiant altar of Vehumet.
  1849 | D:2      | Found a white marble altar of Elyvilon.
  2141 | D:2      | Became a worshipper of Vehumet
  2318 | D:3      | Reached XP level 5. HP: 25/35 MP: 2/9
  2733 | D:3      | Noticed Jessica
  2772 | D:3      | Killed Jessica
  2773 | D:3      | Reached skill level 5 in Earth Magic
  2831 | D:2      | Learned a level 5 spell: Lee's Rapid Deconstruction
  3179 | D:2      | Reached XP level 6. HP: 41/41 MP: 3/10
  3560 | D:3      | Reached * piety under Vehumet
  3560 | D:3      | Offered knowledge of Flame Tongue by Vehumet.
  3563 | D:3      | Learned a level 1 spell: Flame Tongue
  3872 | D:3      | Got a sparkling brass ring
  4009 | D:4      | Found a transporter.
  4026 | D:4      | Noticed yrara's ghost (amateur DsFi)
  4032 | D:4      | Found a transporter.
  4096 | D:4      | Reached skill level 5 in Conjurations
  4158 | D:4      | Noticed a sky beast
  4164 | D:4      | Killed a sky beast
  4165 | D:4      | Reached XP level 7. HP: 46/46 MP: 1/11
  4638 | D:4      | Reached skill level 6 in Earth Magic
  5028 | D:5      | Entered Level 5 of the Dungeon
  5034 | D:5      | Reached XP level 8. HP: 52/52 MP: 5/12
  5150 | D:5      | Offered knowledge of Throw Frost by Vehumet.
  5151 | D:5      | Reached skill level 5 in Dodging
  5157 | D:5      | Found a sand-covered staircase.
  5204 | Ossuary  | Entered an ossuary
  5246 | Ossuary  | Reached ** piety under Vehumet
  5671 | D:5      | Found Lith's Jewellery Shoppe.
  5693 | D:5      | Offered knowledge of Mephitic Cloud by Vehumet.
  5698 | D:5      | Learned a level 3 spell: Mephitic Cloud
  5791 | D:5      | Identified the ring "Cikhluec" {Dex+2 Stlth--} (You found
                  | it on level 3 of the Dungeon)
  6123 | D:5      | Reached skill level 5 in Spellcasting
  6305 | D:5      | Reached *** piety under Vehumet
  6438 | D:5      | Noticed Prince Ribbit
  6444 | D:5      | Killed Prince Ribbit
  6445 | D:5      | Reached XP level 9. HP: 57/57 MP: 2/18
  6607 | D:6      | Found the +10 Black Knight's horse barding {ponderous,
                  | rPois rN+}
  6747 | D:6      | Reached skill level 7 in Earth Magic
  6976 | D:6      | Noticed Menkaure
  6985 | D:6      | Killed Menkaure
  7239 | D:6      | Offered knowledge of Ignite Poison by Vehumet.
  7318 | D:6      | Reached skill level 8 in Earth Magic
  7355 | D:6      | Reached skill level 1 in Fighting
  7534 | D:6      | Found Onturch's Antique Armour Boutique.
  7954 | D:7      | Found a staircase to the Lair.
  7955 | D:7      | Noticed a komodo dragon
  8505 | D:7      | Found a staircase to the Ecumenical Temple.
  8511 | D:7      | Reached XP level 10. HP: 70/70 MP: 9/19
  8565 | D:7      | Reached **** piety under Vehumet
  8638 | D:7      | Noticed Duvessa
  8641 | D:7      | Noticed Dowan
  8824 | D:7      | Killed Duvessa
  8829 | D:7      | Killed Dowan
  9015 | D:7      | Found a runed door.
  9019 | D:7      | Noticed Crazy Yiuf
  9021 | D:7      | Killed Crazy Yiuf
  9773 | D:8      | Noticed Grum
  9791 | D:8      | Killed Grum
  9839 | D:7      | Offered knowledge of Yara's Violent Unravelling by Vehumet.
  9840 | D:7      | Reached skill level 9 in Earth Magic
  9845 | D:7      | Learned a level 4 spell: Fulminant Prism
 10306 | D:8      | Found a sacrificial altar of Ru.
 10475 | D:9      | Reached skill level 10 in Earth Magic
 10667 | D:9      | Learned a level 2 spell: Blink
 10910 | D:9      | Noticed an orc knight
 11007 | D:9      | Noticed a komodo dragon
 11183 | D:8      | Reached XP level 11. HP: 64/75 MP: 10/20
 11191 | D:8      | Reached skill level 11 in Earth Magic
 11758 | D:9      | Found a staircase to the Orcish Mines.
 11760 | D:9      | Noticed an orc knight
 11809 | D:9      | Noticed an orc knight
 11865 | Lair:1   | Entered Level 1 of the Lair of Beasts
 11865 | Lair:1   | Noticed Urug
 11871 | D:7      | Learned a level 2 spell: Searing Ray
 12181 | Lair:1   | Noticed Erica
 12191 | Lair:1   | Killed Erica
 12258 | Lair:1   | Hit by a javelin thrown by Urug

Skill      XL: |  1  2  3  4  5  6  7  8  9 10 11 |
---------------+----------------------------------+-----
Earth Magic    | 4 5 6 8 10 11 | 11.0
Conjurations   | 2 3 5 6 8 9 |  9.0
Dodging        | 4 5 7 |  7.6
Spellcasting   | 6 |  6.9
Fighting       | 3 |  3.0
Stealth        | |  2.4
Unarmed Combat | |  1.1
Transmutations | |  1.1

Action                   |  1- 3 |  4- 6 |  7- 9 | 10-12 || total
-------------------------+-------+-------+-------+-------++-------
Melee: Dagger            |    11 |    52 |    22 |    32 ||   117
 Cast: Sandblast         |    51 |    27 |    77 |    18 ||   173
       Stone Arrow       |       |    57 |   119 |   149 ||   325
       Lee's Rapid Decon |       |       |     5 |     2 ||     7
       Mephitic Cloud    |       |       |     2 |     1 ||     3
       Fulminant Prism   |       |       |       |     2 ||     2
  Use: Scroll            |       |     4 |     1 |    13 ||    18
       Potion            |       |     1 |       |     2 ||     3
  Eat: Chunk             |     2 |    20 |    23 |    15 ||    60
       Ration            |       |     1 |     1 |     2 ||     4
Armor: Robe              |     8 |     9 |    13 |     7 ||    37
Dodge: Dodged            |    39 |    72 |    70 |    98 ||   279
